 Dungeon Crawl Stone Soup version 0.18-a0-1433-g1d8109a (webtiles) character file.

576 Arkorax the Cutter (level 7, -4/61 HPs)
             Began as a Grey Draconian Assassin on Feb 28, 2016.
             Was an Initiate of Okawaru.
             Killed from afar by a worker ant (27 damage)
             ... with an exploding inner flame
             ... hexed by the player character
             ... on level 4 of the Dungeon.
             The game lasted 00:07:35 (5008 turns).

Arkorax the Cutter (Grey Draconian Assassin)        Turns: 5008, Time: 00:07:35

Health: -4/61      AC: 12    Str: 13    XL:     7   Next: 13%
Magic:  7/7        EV: 11    Int: 12    God:    Okawaru [......]
Gold:   163        SH:  0    Dex: 14    Spells: 0 memorised, 6 levels left

rFire  . . .     SeeInvis .     o - +2 dagger (freeze)
rCold  . . .     Gourm    .     (armour unavailable)
rNeg   . . .     Faith    .     (no shield)
rPois  .         Spirit   .     (helmet restricted)
rElec  .         Dismiss  .     c - +0 cloak
rCorr  .         Reflect  .     (no gloves)
SustAt .         Harm     .     (no boots)
MR     .....                    (no amulet)
Stlth  ++........               (no ring)
                                (no ring)

@: lethally poisoned (-4 -> -12), not resistant to hostile enchantments,
unstealthy
A: walk through water, unfitting armour, unbreathing, cold-blooded, AC +11
a: Renounce Religion


You were on level 4 of the Dungeon.
You worshipped Okawaru.
Okawaru was noncommittal.
You were near starving.

You visited 2 branches of the dungeon, and saw 5 of its levels.

You collected 163 gold pieces.

Inventory:

Hand Weapons
 b - a +0 blowgun
 o - a +2 dagger of freezing (weapon)
Missiles
 d - 55 poisoned needles
 e - 2 curare-tipped needles
Armour
 c - a +0 cloak (worn)
Scrolls
 a - a scroll of recharging {unknown}
 g - a scroll of teleportation {unknown}
 h - a scroll of fog {unknown}
 j - 2 scrolls of remove curse {unknown}
 l - 2 scrolls of identify
 n - a scroll of random uselessness {unknown}
 q - a scroll of enchant armour {unknown}
Potions
 m - 2 potions of brilliance {unknown}
 s - a potion of degeneration {unknown}
 t - a potion of lignification {unknown}
 u - 3 potions of curing {unknown}
 x - a potion of invisibility {unknown}
Comestibles
 f - a bread ration
 i - a slice of pizza
 r - a beef jerky
 w - a royal jelly


   Skills:
 * Level 5.4 Fighting
 * Level 5.5 Short Blades
 - Level 1.7 Throwing
 - Level 0.8 Dodging
 + Level 4.8 Stealth


You had 6 spell levels left.
You didn't know any spells.

Dungeon Overview and Level Annotations

Branches:
Dungeon (4/15)             Temple (1/1) D:4

Altars:
Cheibriados
Dithmenos
Elyvilon
Fedhas
Gozag
Kikubaaqudgha
Makhleb
Nemelex Xobeh
Okawaru
Pakellas
Qazlal
Ru
Sif Muna
Trog
Yredelemnul
Zin

Annotations:
D:2 Robin


Innate Abilities, Weirdness & Mutations

You can walk through water.
Your dull iron-grey scales are very hard (AC +11).
Your body does not fit into most forms of armour.
You can survive without breathing.
You are cold-blooded and may be slowed by cold attacks.


Message History

The worker ant is almost dead.
The worker ant bites you but does no damage.
You hear some strange, mumbled words.
The hungry ghost hits you.
You are feeling very hungry.
Unknown command.
You hit the worker ant but do no damage.
The worker ant is severely wounded.
You feel sick. The worker ant bites you.
You are more poisoned.
The worker ant poisons you! The hungry ghost hits you.
You are near starving!
You hit the worker ant. You freeze the worker ant.
The worker ant explodes!
The fiery explosion engulfs something.
The fiery explosion engulfs the orc.
You kill the orc!
Okawaru accepts your kill. x2
Reactivating autopickup.
You feel a bit more experienced. The fiery explosion engulfs you!
You die...

....)..................#########.
.#########.......................
.# #####.####...##########. †#
#.#...............#. .#
#.#.###########...#. .# #.#§#
#.W.hZ<##...#. ## #.#§#
#.#######(..#. #.#§# #.# #...#(
#.#@# #.# #...#. #.#W# #.# #...#
#.#.# #W# #...# #.#.# #.# #...#
#.#W# #.# #...# #.#.###.# #...#
#.#.....# ##.##
#.##############.#
#................#


You could see a phantom (inner flame) and a hungry ghost (inner flame).

Vanquished Creatures
  An ogre (D:4)
  A big kobold (D:4)
  A giant frog skeleton (D:4)
  An iguana (D:4)
  2 orc wizards
  Natasha (thrice) (D:2)
  A worker ant (D:4)
  5 gnolls
  5 adders
  6 dart slugs
  A giant gecko (D:4)
  11 orcs
  6 giant cockroaches
  10 goblins
  7 hobgoblins
  3 quokkas
  A ball python (D:3)
  8 bats
  5 giant newts
  29 kobolds
  4 rats
111 creatures vanquished.

Vanquished Creatures (others)
  A bat (D:1)
  A giant cockroach (D:1)
  A kobold (D:1)
  A giant newt (D:1)
4 creatures vanquished.

Grand Total: 115 creatures vanquished

Notes
Turn   | Place    | Note
--------------------------------------------------------------
     0 | D:1      | Arkorax the Draconian Assassin began the quest for the Orb.
     0 | D:1      | Reached XP level 1. HP: 17/17 MP: 1/1
   439 | D:1      | Reached XP level 2. HP: 25/25 MP: 2/2
   463 | D:1      | HP: 1/25 [gnoll/stone (6)]
  1091 | D:1      | Reached XP level 3. HP: 30/30 MP: 3/3
  1389 | D:2      | Noticed Natasha
  1404 | D:2      | Killed Natasha
  1404 | D:2      | Reached XP level 4. HP: 28/38 MP: 4/4
  1411 | D:2      | Noticed Natasha
  1418 | D:2      | Killed Natasha
  1506 | D:2      | Found a sparkling altar of Nemelex Xobeh.
  1563 | D:2      | Noticed Robin
  1606 | D:2      | Noticed Natasha
  1969 | D:2      | Found a white marble altar of Elyvilon.
  1991 | D:2      | Killed Natasha
  1991 | D:2      | Reached XP level 5. HP: 40/46 MP: 5/5
  2719 | D:3      | Found a bloodstained altar of Trog.
  2719 | D:3      | Found a glowing silver altar of Zin.
  2720 | D:3      | Found a burning altar of Makhleb.
  2721 | D:3      | Found a basalt altar of Yredelemnul.
  2721 | D:3      | Found a sacrificial altar of Ru.
  2740 | D:3      | Found a snail-covered altar of Cheibriados.
  3697 | D:3      | Reached XP level 6. HP: 53/53 MP: 6/6
  4132 | D:4      | Reached skill level 5 in Short Blades
  4142 | D:4      | Reached skill level 5 in Fighting
  4377 | D:4      | Found a staircase to the Ecumenical Temple.
  4389 | Temple   | Entered the Ecumenical Temple
  4409 | Temple   | Became a worshipper of Warmaster Okawaru
  4473 | D:4      | Found a bloodstained altar of Trog.
  4497 | D:4      | Noticed a hungry ghost
  4725 | D:4      | Your scales start taking on a dull iron-grey colour.
  4725 | D:4      | Reached XP level 7. HP: 35/61 MP: 7/7
  4725 | D:4      | Gained mutation: You can survive without breathing. [Grey Draconian growth]
  5008 | D:4      | Killed from afar by a worker ant

Vault maps used:
D:1:      shiori_arrival_oz, minmay_tree_intersection
D:2:      overflow_temple_1_default, elyvilon_altar_5, uniq_robin, uniq_natasha
D:3:      grunt_temple_overflow_open, first_bread
D:4:      kennysheep_kobold_camp, minmay_temple_entry_water_ring, trog_book
Temple:   circular_temple_12

Skill      XL: |  1  2  3  4  5  6 |
---------------+-------------------+-----
Short Blades   | 3 4 5 |  5.5
Fighting       | 3 4 5 |  5.4
Stealth        | 4 |  4.8
Throwing       | |  1.7
Dodging        | |  0.8

Action                   |  1- 3 |  4- 6 |  7- 9 || total
-------------------------+-------+-------+-------++-------
Melee: Dagger            |    72 |   260 |    54 ||   386
 Fire: Blowgun           |    13 |    13 |       ||    26
  Use: Scroll            |       |       |     3 ||     3
 Stab: Sleeping          |     2 |    10 |       ||    12
       Distracted        |       |     1 |       ||     1
  Eat: Chunk             |     1 |     5 |       ||     6
       Bread ration      |       |     2 |       ||     2
       Meat ration       |       |       |     1 ||     1
